 Dungeon Crawl Stone Soup version 0.21.1-1-g345015fe64 (webtiles) character file.

37 Ivernyr the Charmwright (level 3, -6/28 HPs)
             Began as a Demonspawn Skald on Apr 28, 2018.
             Mangled by a gnoll
             ... wielding a +2 flail of holy wrath
              (15 damage)
             ... on level 2 of the Dungeon.
             The game lasted 00:03:20 (1509 turns).

Ivernyr the Charmwright (Demonspawn Skald)          Turns: 1509, Time: 00:03:21

Health: -6/28      AC:  3    Str: 11    XL:     3   Next: 21%
Magic:  4/6        EV: 12    Int: 14    God:
Gold:   62         SH:  0    Dex: 13    Spells: 5/6 levels left

rFire    . . .     SeeInvis .   a - +0 falchion
rCold    . . .     Gourm    .   (no shield)
rNeg     . . .     Faith    .   b - +0 leather armour
rPois    .         Spirit   .   (no helmet)
rElec    .         Reflect  .   (no cloak)
rCorr    .         Harm     .   (no gloves)
MR       .....                  (no boots)
Stlth    +.........             (no amulet)
HPRegen  0.09/turn              (no ring)
MPRegen  0.10/turn              (no ring)

@: no status effects
A: hooves 1
a: no special abilities


You were on level 2 of the Dungeon.
You were hungry.

You visited 1 branch of the dungeon, and saw 2 of its levels.

You collected 62 gold pieces.

Inventory:

Hand Weapons
 a - a +0 falchion (weapon)
Armour
 b - a +0 leather armour (worn)
Scrolls
 f - a scroll of identify {unknown}
 g - a scroll of amnesia {unknown}
 h - a scroll of fog {unknown}
Potions
 e - a potion of agility {unknown}
 i - 2 potions of might {unknown}
Books
 c - a book of Battle

   Spells                             Type                      Level
   a - Infusion                       Charms                       1
   b - Shroud of Golubria             Charms/Translocation         2
   c - Song of Slaying                Charms                       2
   d - Spectral Weapon                Hexes/Charms                 3
   e - Regeneration                   Charms/Necromancy            3
Comestibles
 d - 4 rations


   Skills:
 + Level 2.4 Fighting
 + Level 2.1 Long Blades
 * Level 1.8 Armour
 - Level 1.7 Dodging
 - Level 2.0 Spellcasting
 + Level 3.0 Charms


You had 5 spell levels left.
You knew the following spells:

 Your Spells              Type           Power        Failure   Level  Hunger
a - Infusion              Chrm           #...         9%          1    ##.....


Dungeon Overview and Level Annotations

Branches:
Dungeon (2/15)

Altars:
Zin


Innate Abilities, Weirdness & Mutations

You have large cloven feet.


Message History

Your leather armour prevents you from hitting the worm.
Your kick misses the worm.
The worm is almost dead.
You hit the worm.
You kill the worm!
A gnoll comes into view. It is wielding a club.
The gnoll shouts!
Found a dark potion.
Found a stone staircase leading up.
A gnoll comes into view. It is wielding a spear.
Your magical infusion is running out.
A gnoll comes into view. It is wielding a flail of holy wrath.
The gnoll shouts!
You hear a shout!
A gnoll comes into view. It is wielding a spear.
i - 2 sapphire potions You are no longer magically infusing your attacks.
You closely miss the gnoll.
The gnoll hits you with a flail of holy wrath!
You convulse!
Ouch! That really hurt!
You die...

#..# #...# #.# #....†.......
##..######.#.####.###...........#
.......................#....#####
......#..#..#..#...########......
.....#..#..#..#..#.# #......
.......#(.#..#..#..########......
......#..#..#..#..........#......
.....#..#..#..#..#.######.#......
.........g.....g@..### #.#......
#####.######..#......# #.#......
....# #.##......# #.#......
......# #.##......####.#......
..###.## #.##............(..... .
..≈ #.###############..... ≈#≈
##.########.<...##..... ≈#.
#..........####.###.###
^..........# #.###.###


You could see 2 gnolls.

Vanquished Creatures
  2 worms (D:2)
  2 dart slugs
  A ball python (D:1)
  6 goblins
  3 hobgoblins (D:1)
  5 bats
  A frilled lizard (D:2)
  3 kobolds (D:2)
  4 rats
27 creatures vanquished.

Notes
Turn   | Place    | Note
-------+----------+-------------------------------------------
     0 | D:1      | Ivernyr the Demonspawn Skald began the quest for the Orb.
     0 | D:1      | Reached XP level 1. HP: 16/16 MP: 3/3
    44 | D:1      | Reached skill level 1 in Armour
   125 | D:1      | Gained mutation: You have large cloven feet. [demonic ancestry]
   125 | D:1      | Reached XP level 2. HP: 2/22 MP: 5/5
  1337 | D:2      | Reached XP level 3. HP: 27/28 MP: 6/6
  1342 | D:2      | Reached skill level 3 in Charms
  1346 | D:2      | Found a glowing silver altar of Zin.
  1509 | D:2      | Mangled by a gnoll

Skill      XL: |  1  2  3 |
---------------+----------+-----
Armour         | 1 |  1.8
Long Blades    | 2 |  2.1
Charms         | 3 |  3.0
Fighting       | |  2.4
Dodging        | |  1.7
Spellcasting   | |  2.0

Action                   || total
-------------------------++-------
Melee: Falchion          ||    79
       Kick              ||     9
 Cast: Infusion          ||     2
  Eat: Chunk             ||     1
Armor: Leather armour    ||    15
Dodge: Dodged            ||    49
       Rpst.: Falchion   ||    13
